 Dungeon Crawl Stone Soup version 0.31-a0-986-g5e6e4ef867 (webtiles) character file.

Game seed: 7354090931826434321

5397 Lobster4 the Mimic (level 10, -2/76 HPs)
             Began as a Merfolk Shapeshifter on Nov 18, 2023.
             Was a Follower of Uskayaw.
             Succumbed to their own poison gas
             ... on level 9 of the Dungeon.
             The game lasted 00:42:43 (13421 turns).

Lobster4 the Mimic (Merfolk Shapeshifter)          Turns: 13421, Time: 00:42:43

Health: -2/76      AC:  8    Str: 19    XL:     10   Next: 66%
Magic:  14/14      EV: 15    Int:  9    God:    Uskayaw [*.....]
Gold:   463        SH:  0    Dex: 14    Spells: 13/15 levels left

rFire   . . .        p - melded +3 dagger (venom)
rCold   + . .        (shield currently unavailable)
rNeg    + . .        n - +0 steam dragon scales
rPois   .            J - +1 helmet
rElec   .            f - +0 cloak
rCorr   .            (no gloves)
SInv    .            (no boots)
Will    .....        (no amulet)
Stlth   +            v - ring of positive energy
HPRegen 0.32/turn    z - ring of protection from cold
MPRegen 0.14/turn

%: no passive effects
@: lethally poisoned (-2 -> -71), flux-form, glowing
A: glow, contaminating, (nimble swimmer 2), mertail
a: Begin Untransformation, Renounce Religion, Stomp


You were on level 9 of the Dungeon.
You worshipped Uskayaw.
Uskayaw was noncommittal.
You were something dangerously unstable.
You visited 2 branches of the dungeon, and saw 10 of its levels.

You collected 463 gold pieces.

Inventory:

Hand Weapons
 i - a +0 short sword
 o - a +0 sling
 p - a +3 dagger of venom (melded)
 y - a +0 rapier
 E - a +0 shortbow of freezing
Missiles
 m - 4 boomerangs
 t - 4 javelins (quivered)
 G - 18 poisoned darts
 H - a throwing net
 K - 2 curare-tipped darts
Armour
 a - a +1 animal skin
 f - a +0 cloak (worn)
 n - +0 steam dragon scales (worn)
 J - a +1 helmet (worn)
Jewellery
 v - a ring of positive energy (left hand)
 z - a ring of protection from cold (right hand)
 D - a ring of positive energy
Talismans
 c - a beast talisman
 d - a flux talisman (active)
 e - a blade talisman
Wands
 A - a wand of mindburst (4)
 F - a wand of polymorph (23)
 N - a wand of flame (24)
Scrolls
 b - 2 scrolls of fear
 r - 4 scrolls of teleportation
 u - a scroll of poison
 x - 2 scrolls of vulnerability
 L - a scroll of immolation
 M - a scroll of amnesia
Potions
 g - a potion of might
 h - 3 potions of degeneration {unknown}
 j - a potion of magic
 k - 2 potions of attraction {unknown}
 l - a potion of heal wounds
 s - 2 potions of berserk rage
 w - 3 potions of brilliance
 B - a potion of lignification
 C - a potion of haste
 I - 2 potions of enlightenment


   Skills:
 + Level 6.1 Fighting
 - Level 2.0 Short Blades
 - Level 3.0 Throwing
 + Level 7.6 Dodging
 - Level 2.0 Stealth
 + Level 6.8 Unarmed Combat
 - Level 3.0 Spellcasting
 - Level 3.0 Ice Magic
 - Level 3.0 Air Magic
 + Level 4.3 Poison Magic
 - Level 3.0 Invocations
 - Level 3.0 Evocations
 * Level 10.1 Shapeshifting


You had 13 spell levels left.
You knew the following spells:

 Your Spells              Type           Power      Damage    Failure   Level
a - Poisonous Vapours     Pois/Air       14%        N/A       11%         2

Your spell library contained the following spells:

 Spells                   Type           Power      Damage    Failure   Level
 Mephitic Cloud           Conj/Pois/Air  5%         N/A       32%         3
 Freezing Cloud           Conj/Ice/Air   2%         6-21      98%         5


Dungeon Overview and Level Annotations

Branches:
Dungeon (9/15)             Temple (1/1) D:6            Lair (0/5) D:8
    Orc: D:9-12

Altars:
Ashenzari
Cheibriados
Dithmenos
Elyvilon
Fedhas
Gozag
Hepliaklqana
Kikubaaqudgha
Makhleb
Okawaru
Qazlal
Ru
Sif Muna
Trog
Uskayaw
Vehumet
Wu Jian
Xom
Yredelemnul
Zin

Annotations:
D:6 1 exclusion
D:7 1 runed translucent door, Beryl's ghost, novice GrEE
D:9 Erica


Innate Abilities, Weirdness & Mutations

You are something dangerously unstable.
You glow with magical radiation, making you easy to see and hit.
Foes you strike become dangerously contaminated with magical radiation.
You are incapable of wielding weapons or throwing items.
((You are very nimble when in or above water. (Stealth+, EV+, Speed+++)))
Your lower body shifts to a powerful aquatic tail in water.


Message History

You are engulfed in poison gas.
You are lethally poisoned!
You feel extremely sick.
You are engulfed in poison gas.
You are more poisoned.
* * * LOW HITPOINT WARNING * * *
You feel extremely sick.
You feel better.
You are engulfed in poison gas.
You are poisoned.
You feel very sick.
You are engulfed in poison gas.
You are lethally poisoned!
* * * LOW HITPOINT WARNING * * *
x2 You feel extremely sick.
You feel better.
You are engulfed in poison gas.
You are poisoned.
* * * LOW HITPOINT WARNING * * *
x2 You feel very sick.
Okay, then.
Unknown command.
You feel better.
You are engulfed in poison gas.
You are poisoned.
* * * LOW HITPOINT WARNING * * *
x2 You feel very sick.
You feel much better.
You are engulfed in poison gas.
You are more poisoned.
You feel very sick.
You are engulfed in poison gas.
You are lethally poisoned!
* * * LOW HITPOINT WARNING * * *
x2 You feel extremely sick.
You feel much better.
You are engulfed in poison gas.
You are more poisoned.
* * * LOW HITPOINT WARNING * * *
x2 You feel extremely sick.
You feel much better.
You are engulfed in poison gas.
You are more poisoned.
* * * LOW HITPOINT WARNING * * *
You feel extremely sick.
You are engulfed in poison gas.
You are more poisoned.
* * * LOW HITPOINT WARNING * * *
You die...

.........§.§# #.......#
#..
.......###y.###§......#
#.. .......
#y§°○§..##...# #..
#...... #y.☼§...##...#
#.. #..###.
#°○°....##...# #.. #.
#. #§.####.# .# #.. #
#. #§☼# .# #.. #. #§§#
.# #.. #p§# .# #.. #.§#
#.. #..# #.. #..# ####


You could see 3 killer bees.

Vanquished Creatures
  A two-headed ogre (D:8)
  An elephant (D:8)
  Jeremiah (D:6)
  4 yaks
  A slime creature (D:5)
  A shadow (D:5)
  A steam dragon (D:7)
  A water moccasin (D:9)
  4 black bears
  2 ogres
  A centaur (D:5)
  3 phantoms (D:5)
  4 kobold brigands
  2 gnoll sergeants
  4 scorpions
  4 wights
  11 killer bees
  2 electric eels (D:6)
  A hound (D:4)
  2 gnoll boudas
  4 jellies
  3 orc priests
  Jessica (D:3)
  6 iguanas
  A sleepcap (D:5)
  2 orc wizards
  13 gnolls
  11 adders
  A white imp (D:5)
  3 worms (D:2)
  4 dart slugs
  12 orcs
  4 ball pythons
  5 bats
  16 endoplasms
  2 giant cockroaches
  7 hobgoblins
  2 jackals (D:3)
  7 quokkas
  4 frilled lizards
  11 goblins
  14 kobolds
  3 rats
187 creatures vanquished.

Notes
Turn   | Place    | Note
-------+----------+-------------------------------------------
     0 | D:1      | Lobster4 the Merfolk Shapeshifter began the quest for the
                  | Orb.
     0 | D:1      | Reached XP level 1. HP: 15/15 MP: 1/1
   254 | D:1      | Reached XP level 2. HP: 16/21 MP: 2/2
   846 | D:2      | Found a sacrificial altar of Ru.
   912 | D:2      | Reached XP level 3. HP: 18/26 MP: 3/3
  1324 | D:2      | Reached XP level 4. HP: 33/33 MP: 4/4
  1448 | D:2      | Reached skill level 5 in Shapeshifting
  1669 | D:2      | Found a faded altar of an unknown god.
  1669 | D:2      | Noticed an orange demon
  2571 | D:3      | Noticed a scorpion
  2577 | D:3      | Killed a scorpion
  2578 | D:3      | Reached skill level 1 in Stealth
  2578 | D:3      | Reached XP level 5. HP: 39/39 MP: 5/5
  2704 | D:3      | Found a snail-covered altar of Cheibriados.
  2892 | D:4      | Reached XP level 6. HP: 46/46 MP: 6/6
  3063 | D:4      | Reached skill level 1 in Ice Magic
  3162 | D:4      | Noticed a black bear
  3381 | D:4      | Noticed an ice beast
  3382 | D:4      | Noticed an orc warrior
  3517 | D:4      | Reached skill level 6 in Shapeshifting
  3704 | D:4      | Reached skill level 1 in Spellcasting
  3887 | D:5      | Entered Level 5 of the Dungeon
  3949 | D:5      | Reached XP level 7. HP: 11/52 MP: 8/8
  4212 | D:5      | Reached skill level 1 in Poison Magic
  5056 | D:5      | Reached skill level 5 in Dodging
  5056 | D:5      | Reached XP level 8. HP: 50/60 MP: 10/10
  5105 | D:5      | Reached skill level 1 in Throwing
  5105 | D:5      | Reached skill level 5 in Unarmed Combat
  5105 | D:5      | Reached skill level 7 in Shapeshifting
  5233 | D:5      | Found a shimmering blue altar of Sif Muna.
  5646 | D:5      | Found an iron altar of Okawaru.
  5646 | D:5      | Found a hide-covered altar of Uskayaw.
  5646 | D:5      | Found a blossoming altar of Fedhas.
  5646 | D:5      | Found a basalt altar of Yredelemnul.
  5646 | D:5      | Found a shimmering blue altar of Sif Muna.
  5646 | D:5      | Found a radiant altar of Vehumet.
  5646 | D:5      | Noticed a slime creature
  6203 | D:6      | Noticed Jeremiah
  6438 | D:6      | Noticed a shadow
  6501 | D:3      | Reached skill level 1 in Air Magic
  6583 | D:3      | Noticed Jessica
  6586 | D:3      | Killed Jessica
  6921 | D:4      | Reached skill level 1 in Short Blades
  7030 | D:5      | Learned a level 2 spell: Poisonous Vapours
  7575 | D:6      | Reached XP level 9. HP: 66/66 MP: 11/13
  7739 | D:6      | Reached skill level 8 in Shapeshifting
  7756 | D:6      | HP: 4/99 [ogre/+0 giant club (16)]
  8531 | D:6      | Found a burning altar of Makhleb.
  8591 | D:6      | Found a staircase to the Ecumenical Temple.
  8603 | Temple   | Entered the Ecumenical Temple
  8628 | Temple   | Became a worshipper of Uskayaw the Reveller
  8799 | D:5      | Reached * piety under Uskayaw
  8801 | D:5      | Reached ** piety under Uskayaw
  8988 | D:6      | Killed Jeremiah
  8989 | D:6      | Reached skill level 5 in Fighting
  8989 | D:6      | Reached skill level 1 in Invocations
  8989 | D:6      | Reached skill level 1 in Evocations
  9639 | D:7      | Found a radiant altar of Vehumet.
  9686 | D:7      | Found a runed translucent door.
  9686 | D:7      | Noticed Beryl's ghost (novice GrEE)
  9952 | D:7      | Reached *** piety under Uskayaw
 10508 | D:7      | HP: 3/68 [poisoned by a killer bee]
 10996 | D:8      | Noticed an elephant
 10996 | D:8      | Noticed a death yak
 10996 | D:8      | Found a staircase to the Lair.
 11048 | D:8      | Found a shadowy altar of Dithmenos.
 11049 | D:8      | Found an iron altar of Okawaru.
 11077 | D:8      | Reached skill level 9 in Shapeshifting
 11085 | D:8      | Reached **** piety under Uskayaw
 11229 | D:8      | Reached XP level 10. HP: 62/74 MP: 14/14
 11361 | D:8      | Noticed a two-headed ogre
 11913 | D:8      | Killed a two-headed ogre
 11958 | D:8      | Killed an elephant
 12146 | D:8      | Found a sacrificial altar of Ru.
 12148 | D:8      | Found an opulent altar of Gozag.
 12150 | D:8      | Found an ornate altar of the Wu Jian Council.
 12755 | D:9      | Noticed Erica
 13199 | D:9      | Reached skill level 10 in Shapeshifting
 13421 | D:9      | Succumbed to their own poison gas

Illustrated notes

Levels and vault maps discovered:
D:1:      ncdulo_lavacross, layout_loops_ring
D:2:      minmay_skewed_foursquare, layout_loops_corners,
          dreamdust_ecumenical_altar_sealed_demon, basic_altar,
          minmay_increasing_density
D:3:      layout_basic, mainiacjoe_overflow_six_doors_small, uniq_jessica
D:4:      nicolae_cairo_tiling, layout_basic, chequers_garden,
          corexii_checkpoint, minmay_door_square, hex_intersection,
          amcnicky_mini_corridor_feature, hangedman_feature_mirror,
          lightli_corner_chamber
D:5:      cheibrodos_fertilizer, layout_loops_ring, kennysheep_mini_moat,
          grunt_ministairs_15, minmay_misc_feat_cross, kennysheep_cluttered_room
D:6:      layout_rooms, overflow_temple_1_default, minmay_temple_entry_slanted,
          serial_bayou_lagoon_b, uniq_jeremiah
D:7:      layout_basic, mainiacjoe_overflow_alcove_2,
          hellmonk_ghost_happy_afterlife
D:8:      layout_loops_ring, nicolae_overflow_hidden_temple, david_lair_generic,
          minmay_fractal_squares_gapless_5
D:9:      layout_long_grid, mainiacjoe_overflow_small_starburst,
          nemelex_spade_bored_becter, orc_0_dummy, enter_bailey_1, uniq_psyche,
          uniq_maurice, uniq_erica
Temple:   jpeg_temple_island

Skill      XL: |  1  2  3  4  5  6  7  8  9 10 |
---------------+-------------------------------+-----
Dodging        | 3 4 5 6 7 |  7.6
Fighting       | 2 3 4 5 6 |  6.1
Shapeshifting  | 5 6 7 9 10 | 10.1
Stealth        | 1 2 |  2.0
Unarmed Combat | 4 5 6 |  6.8
Ice Magic      | 1 2 3 |  3.0
Spellcasting   | 1 2 3 |  3.0
Poison Magic   | 1 2 3 4 |  4.3
Throwing       | 2 3 |  3.0
Air Magic      | 1 2 3 |  3.0
Short Blades   | 1 2 |  2.0
Invocations    | 2 3 |  3.0
Evocations     | 2 3 |  3.0

Action                     |  1- 3 |  4- 6 |  7- 9 | 10-12 || total
---------------------------+-------+-------+-------+-------++-------
  Melee: Unarmed           |    21 |       |    96 |    70 ||   187
         Dagger            |    60 |   118 |   223 |    43 ||   444
         Short sword       |    17 |       |       |       ||    17
         Punch             |     1 |     3 |     6 |       ||    10
  Throw: Boomerang         |       |     6 |    53 |       ||    59
         Throwing net      |       |     1 |     1 |       ||     2
         Dart              |       |       |    37 |     3 ||    40
         Javelin           |       |       |       |     5 ||     5
   Cast: Poisonous Vapours |       |       |       |     1 ||     1
    Use: Potion            |       |     2 |     8 |     7 ||    17
         Scroll            |       |     1 |    16 |     3 ||    20
   Stab: Sleeping          |     2 |     9 |     4 |       ||    15
         Paralysed         |       |       |     4 |     7 ||    11
         Invisible         |       |       |     1 |       ||     1
 Armour: Animal skin       |    33 |    46 |   116 |       ||   195
         Skin              |       |    13 |     8 |       ||    21
         Steam dragon scal |       |       |    61 |    88 ||   149
  Dodge: Dodged            |    49 |    66 |   206 |   114 ||   435
   Form: Beast             |     3 |       |     4 |     1 ||     8
                           |     2 |       |     1 |       ||     3
         Flux              |       |       |     4 |     1 ||     5

Table legend: (Time is in decaauts)
 A = Elapsed time spent in this place.
 B = Non-inter-level travel time spent in this place.
 C = Inter-level travel time spent in this place.
 D = Time resting spent in this place.
 E = Time spent auto-exploring this place.
 F = Levels seen in this place.
 G = Mean time per level.
                   A        B        C        D        E       F      G
               +--------+--------+--------+--------+--------+-----+--------+
         Total |  13431 |  12392 |   1039 |   4137 |   5347 |  10 | 1343.1 |
       Dungeon |  13382 |  12365 |   1017 |   4137 |   5347 |   9 | 1486.9 |
        Temple |     48 |     26 |     22 |      0 |      0 |   1 |   48.0 |
               +--------+--------+--------+--------+--------+-----+--------+

Top non-repeatable levels by time:
     D:5: 3269 daAuts
     D:6: 1749 daAuts
     D:7: 1665 daAuts
     D:8: 1488 daAuts
     D:2: 1304 daAuts
     D:4: 1297 daAuts
     D:3: 1098 daAuts
     D:1: 838 daAuts
     D:9: 669 daAuts
  Temple: 48 daAuts
